 Dungeon Crawl Stone Soup version 0.30-a0-292-g0f741e3f8e (webtiles) character file.

Game seed: 17965684296718777465

3850 Flugkiller the Nimble (level 10, -1/65 HPs)
             Began as an Octopode Delver on Oct 17, 2022.
             Was a Believer of Hepliaklqana.
             Slain by a wolf (11 damage)
             ... on level 7 of the Dungeon.
             The game lasted 00:15:05 (8753 turns).

Flugkiller the Nimble (Octopode Delver)             Turns: 8753, Time: 00:15:05

Health: -1/65      AC:  1    Str: 11    XL:     10   Next: 18%
Magic:  9/10       EV: 20    Int: 13    God:    Hepliaklqana [**....]
Gold:   410        SH:  0    Dex: 18    Spells: 9/9 levels left

rFire   + . .      SeeInvis .    l - +2 dagger (venom)
rCold   . . .      Faith    +    (no shield)
rNeg    . . .      Spirit   .    (helmet restricted)
rPois   .          Reflect  .    m - amulet of faith
rElec   .          Harm     .    p - ring of protection from fire
rCorr   .          Rampage  .    (no ring)
Will    .....                    (no ring)
Stlth   +++++.....               (no ring)
HPRegen 0.30/turn                (no ring)
MPRegen 0.12/turn                (no ring)
                                 (no ring)
                                 (no ring)

@: no status effects
A: reduced essence, almost no armour, amphibious, 8 rings, camouflage 1,
gelatinous body 1, (nimble swimmer 1), tentacles
a: Renounce Religion, Recall Ancestor, Ancestor Identity


You were on level 7 of the Dungeon.
You worshipped Hepliaklqana.
Hepliaklqana was pleased with you.
You visited 2 branches of the dungeon, and saw 9 of its levels.
You also visited: Sewer.

You collected 410 gold pieces.

Inventory:

Hand Weapons
 a - a +0 short sword
 l - a +2 dagger of venom (weapon)
   (You took it off an orc on level 3 of the Dungeon)
 F - a +4 scimitar
   (You took it off a wight on level 7 of the Dungeon)
 I - a +2 dagger of electrocution
   (You took it off an orc wizard on level 7 of the Dungeon)
 L - a +1 short sword of venom
   (You took it off a kobold on level 7 of the Dungeon)
 M - a +0 long sword
   (You found it on level 7 of the Dungeon)
Missiles
 j - 27 poisoned darts (quivered)
 A - 3 throwing nets
 G - 2 curare-tipped darts
Jewellery
 m - an amulet of faith (around mantle)
   (You found it on level 1 of the Dungeon)
 p - a ring of protection from fire (left tentacle)
   (You found it on level 3 of the Dungeon)
 s - a ring of fire
   (You found it on level 2 of the Dungeon)
 E - an amulet of magic regeneration
   (You found it on level 5 of the Dungeon)
Wands
 e - a wand of flame (2)
   (You found it on level 4 of the Dungeon)
 f - a wand of digging (2)
 o - a wand of polymorph (9)
   (You found it on level 4 of the Dungeon)
 B - a wand of acid (18)
   (You found it on level 5 of the Dungeon)
Scrolls
 b - 4 scrolls of fog
 c - a scroll of enchant weapon
 g - a scroll of fear
 i - a scroll of acquirement
 t - 9 scrolls of teleportation
 v - a scroll of enchant armour {unknown}
 x - a scroll of silence
 y - a scroll of vulnerability {unknown}
 H - a scroll of summoning {unknown}
 J - a scroll of immolation {unknown}
Potions
 d - 3 potions of might
 h - 6 potions of haste
 k - a potion of berserk rage {unknown}
 n - 5 potions of attraction
 q - 6 potions of curing
 r - a potion of magic {unknown}
 u - 3 potions of invisibility {unknown}
 w - 2 potions of brilliance {unknown}
 z - a potion of lignification {unknown}
 C - 3 potions of cancellation {unknown}
 D - a potion of heal wounds {unknown}
 K - a potion of mutation {unknown}


   Skills:
 - Level 8.6 Fighting
 + Level 8.6 Short Blades
 - Level 11.0 Dodging
 - Level 6.6 Stealth
 - Level 2.0 Evocations


You had 9 spell levels left.
You didn't know any spells.
Your spell library contained the following spells:

 Spells                   Type           Power      Damage    Failure   Level
 Apportation              Tloc           0%         N/A       30%         1
 Magic Dart               Conj           0%         1d3       30%         1
 Necrotise                Necr           0%         1d4       30%         1
 Summon Small Mammal      Summ           0%         N/A       30%         1
 Searing Ray              Conj           0%         2d4       43%         2
 Vampiric Draining        Necr           0%         2d6       67%         3
 Fulminant Prism          Conj/Hex       0%         3d6       97%         4
 Agony                    Necr           0%         N/A       100%        5


Dungeon Overview and Level Annotations

Branches:
Dungeon (8/15) Zot: 26970  Temple (1/1) D:5 Zot: 5849   Sewer (visited)
   Lair: D:8-11

Altars:
Ashenzari
Fedhas
Gozag
Hepliaklqana
Kikubaaqudgha
Makhleb
Nemelex Xobeh
Okawaru
Qazlal
Ru
Sif Muna
Trog
Uskayaw
Vehumet
Wu Jian
Yredelemnul
Zin
The Shining One

Annotations:
D:2 exclusion: downstairs
D:3 exclusions: adder and ogre
D:6 5 runed translucent doors


Innate Abilities, Weirdness & Mutations

Your life essence is reduced to manifest your ancestor. (-10% HP)
You cannot wear most types of armour.
You are amphibious.
You can wear up to eight rings at the same time.
Your skin changes colour to match your surroundings (Stealth+).
Your rubbery body absorbs attacks. (AC +1, EV +1)
((You are camouflaged when in or above water. (Stealth+)))
You have tentacles for arms and can constrict up to eight enemies at once.


Message History

Lightning courses through Lici! You hit the bullfrog. You squeeze the bullfrog.
You kill the bullfrog!
The orc barely misses Lici.
Lici gestures at the orc while chanting.
The orc struggles to resist.
A polar bear comes into view.
The wolf barely misses you.
You hit the ice beast but do no damage. You squeeze the ice beast!
The ice beast is moderately wounded.
The wolf bites Lici.
The wolf barely misses you.
The orc barely misses Lici.
Lici points at the orc and mumbles some strange words.
The orc appears confused.
The ice beast closely misses you.
You hit the ice beast.
The ice beast is heavily wounded.
The wolf barely misses Lici.
The wolf closely misses you.
You hit the ice beast.
The ice beast is heavily wounded.
The ice beast hits you. The ice beast freezes you. The wolf bites you.
You hit the ice beast.
The ice beast is heavily wounded.
The wolf misses you. The wolf bites you.
Lici gestures at the orc while chanting.
The orc appears confused.
The ice beast closely misses you.
You hit the ice beast but do no damage.
The ice beast is heavily wounded.
The wolf bites you. The wolf closely misses you.
You hit the ice beast.
The ice beast is poisoned.
You tentacle-slap the ice beast, but do no damage.
Your squeeze misses the ice beast.
The ice beast is severely wounded.
The wolf bites you but does no damage. The wolf misses you.
Lici hits the orc with a +0 dagger of draining!
The orc dies!
The ice beast hits you. The ice beast freezes you. The wolf bites you.
The wolf barely misses you.
Lici completely misses the wolf.
Lici gestures at the ice beast while chanting.
The wolf resists with some effort.
The ice beast completely misses you. The wolf bites you.
You climb upwards.
There is a stone staircase leading down here.
You are too injured to fight recklessly!
You are too injured to fight recklessly!
You barely miss the wolf. You grab the wolf. You squeeze the wolf.
The wolf is lightly wounded.
You constrict the wolf. The wolf misses you. x3
You hit the ice beast but do no damage.
The ice beast is severely wounded.
You constrict the wolf. The ice beast hits you. The ice beast freezes you!
* * * LOW HITPOINT WARNING * * *
The wolf barely misses you. The wolf completely misses you.
Lici is recalled.
You constrict the wolf. The wolf misses you. The wolf closely misses you.
The ice beast completely misses you.
You release your grip on the wolf.
The wolf attacks as you move away! The wolf completely misses you.
The ice beast attacks as you move away! The ice beast hits you.
* * * LOW HITPOINT WARNING * * *
The ice beast freezes you!
* * * LOW HITPOINT WARNING * * *
The wolf completely misses you.
The ice beast closely misses Lici.
The wolf misses you.
Lici hits the ice beast with a +0 dagger of draining.
Lici drains the ice beast.
The ice beast dies!
As you read the scroll of fear, it crumbles to dust.
You assume a fearsome visage.
The wolf resists with some effort.
The wolf looks frightened!
The wolf misses you.
Lici hits the wolf with a +0 dagger of draining.
Lici drains the wolf.
The wolf completely misses you.
Lici hits the wolf with a +0 dagger of draining!
Lici drains the wolf.
Unknown command.
You hit the wolf.
The wolf is poisoned.
Your grab misses the wolf. You squeeze the wolf.
You kill the wolf!
Lici gestures at the wolf while chanting.
Lici's attack snaps the wolf out of its fear.
The wolf resists with some effort.
Okay, then.
Okay, then.
Okay, then.
You feel better. The wolf closely misses you. The wolf completely misses you.
You hit the wolf.
The wolf is poisoned.
You grab the wolf. You squeeze the wolf.
The wolf is heavily wounded.
You constrict the wolf, but do no damage.
The wolf bites you!
* * * LOW HITPOINT WARNING * * *
You feel better.
You constrict the wolf. The wolf bites you!
* * * LOW HITPOINT WARNING * * *
Lici casts a spell at the wolf.
The wolf resists with some effort.
You hit the wolf.
The wolf looks as sick as possible!
You tentacle-slap the wolf, but do no damage.
The wolf is severely wounded.
You constrict the wolf, but do no damage.
The wolf bites you!
You die...

................#................
....#...........#................
<...#####.#####..................
....# #.#....#.................
...#### #......##..R.h#..........
......####.....##..##............
.........#.....##..####.>.....^..
.....<...#.#.#.##h.# #..........
.........#...#.>@..####..........
......#...............#..........
.........[)...........#..........
#....##.>##[..........##........#
#......#.###..........###......##
##.#.#.#.# #...........###.......
#.....#.###......####..........#
####.....#.......##....#..#.....
#.....#..........#####.#.....


You could see the friendly Lici the hexer and a wolf (extremely poisoned, ally
target).

Vanquished Creatures
  Grinder (D:4)
  Duvessa (D:7)
  An orc warrior (D:8)
  2 black bears (D:6)
  An ice beast (D:6)
  A wolf (D:7)
  2 ogres (D:5)
  A phantom (D:6)
  2 centaurs
  2 kobold brigands (Sewer)
  4 bullfrogs
  2 necrophages (D:5)
  2 scorpions (D:5)
  2 wights (D:7)
  Dowan (D:7)
  3 howler monkeys
  5 hounds
  A jelly (D:1)
  6 orc priests
  2 iguanas
  Terence (D:2)
  5 orc wizards
  A mummy (D:7)
  7 adders
  12 gnolls
  3 river rats (Sewer)
  A white imp (D:6)
  A worm (D:2)
  5 dart slugs
  24 orcs
  5 bats
  15 endoplasms
  10 giant cockroaches
  8 goblins
  4 hobgoblins
  42 kobolds
  3 quokkas
  11 ball pythons
  9 frilled lizards
  A hobgoblin zombie (D:7)
  An orc zombie (D:7)
  15 rats
  A spectral goblin (D:2)
227 creatures vanquished.

Vanquished Creatures (collateral kills)
  A wyvern (D:7)
  2 water moccasins
  An ice beast (D:7)
  An ogre (D:6)
  A kobold brigand (D:7)
  2 wights (D:7)
  A howler monkey (D:7)
  An orc wizard (D:7)
  3 orcs
  A hobgoblin zombie (D:7)
  A kobold (D:7)
  A kobold zombie (D:7)
16 creatures vanquished.

Vanquished Creatures (others)
  12 fungi (D:2)
  3 plants (D:5)
  4 toadstools (D:2)
19 creatures vanquished.

Grand Total: 262 creatures vanquished

Notes
Turn   | Place    | Note
-------+----------+-------------------------------------------
     0 | D:5      | Flugkiller the Octopode Delver began the quest for the Orb.
     0 | D:5      | Reached XP level 1. HP: 16/16 MP: 1/1
    17 | D:5      | Noticed an orc wizard
    37 | D:5      | Found a staircase to the Ecumenical Temple.
    38 | D:5      | Noticed a scorpion
    67 | D:4      | Reached XP level 2. HP: 21/21 MP: 2/2
    94 | D:4      | Reached skill level 3 in Dodging
   471 | D:3      | Noticed an ogre
   538 | D:3      | Reached XP level 3. HP: 26/26 MP: 3/3
   612 | D:3      | Noticed a gnoll sergeant
   625 | D:3      | Identified a scroll of acquirement
  1388 | D:1      | Reached skill level 4 in Dodging
  1525 | D:1      | Found a shimmering blue altar of Sif Muna.
  1697 | D:2      | Reached XP level 4. HP: 31/31 MP: 4/4
  1851 | D:2      | Reached skill level 9 in Dodging
  1851 | D:2      | Reached XP level 5. HP: 11/45 MP: 5/5
  2263 | D:2      | Found a faded altar of an unknown god.
  2294 | D:2      | Noticed Terence
  2299 | D:2      | Killed Terence
  2491 | D:2      | Reached XP level 6. HP: 49/51 MP: 6/6
  3334 | D:4      | Noticed Grinder
  4114 | D:4      | Reached XP level 7. HP: 56/56 MP: 7/7
  4491 | D:4      | Killed Grinder
  5034 | D:5      | Reached skill level 5 in Short Blades
  5174 | D:4      | Reached XP level 8. HP: 59/62 MP: 8/8
  5333 | D:5      | Found a shimmering blue altar of Sif Muna.
  5360 | Temple   | Entered the Ecumenical Temple
  5479 | Temple   | Became a worshipper of Hepliaklqana the Forgotten
  6316 | D:6      | Reached skill level 10 in Dodging
  6337 | D:6      | Found a glowing drain.
  6354 | Sewer    | Entered a sewer
  6471 | Sewer    | Reached XP level 9. HP: 55/67 MP: 9/9
  6882 | D:6      | Found a runed translucent door.
  7086 | D:6      | Reached * piety under Hepliaklqana
  7248 | D:6      | Found the +9 staff of Olgreb {rPois∞}
  7286 | D:6      | Found a runed translucent door.
  7295 | D:6      | Found a runed translucent gate.
  7298 | D:6      | Found a runed translucent gate.
  7524 | D:6      | Found a runed translucent gate.
  8143 | D:7      | Reached ** piety under Hepliaklqana
  8144 | D:7      | Remembered your ancestor Lici as a hexer
  8337 | D:7      | Found a bloodstained altar of Trog.
  8593 | D:7      | Noticed Duvessa
  8593 | D:7      | Noticed Dowan
  8596 | D:7      | Killed Duvessa
  8601 | D:7      | Killed Dowan
  8622 | D:7      | Reached XP level 10. HP: 51/65 MP: 10/10
  8643 | D:7      | Reached skill level 11 in Dodging
  8753 | D:7      | Slain by a wolf

Illustrated notes

Levels and vault maps discovered:
D:1:      sevenhm_arrival_forest_fort_small_6, layout_basic
D:2:      cheibrodos_fertilizer, layout_loops_cross,
          dreamdust_ecumenical_altar_drowned_temple, grunt_ministairs_3,
          uniq_terence
D:3:      layout_loops_ring, chequers_serial_rivers_large_b
D:4:      layout_cave_pods, uniq_grinder
D:5:      layout_rooms, mainiacjoe_overflow_boulevard,
          minmay_temple_entry_statues_fountains, hangedman_decor_points,
          serial_bayou_pond_d, chequers_serial_rivers_small_b
D:6:      layout_basic, portal_sewer_entry_f, chequers_serial_rivers_micro_a,
          minmay_guarded_unrand_staff_of_olgreb
D:7:      layout_rooms, trog_hazing_becter, minmay_mini_ossuary, uniq_duvessa
D:8:      layout_basic, kennysheep_little_box, hellmonk_lair_entry_icy
Temple:   kb_temple_of_zot

Skill      XL: |  1  2  3  4  5  6  7  8  9 10 |
---------------+-------------------------------+-----
Dodging        | 3 4 9 10 11 | 11.0
Fighting       | 8 |  8.6
Short Blades   | 3 5 6 7 8 |  8.6
Evocations     | 2 |  2.0
Stealth        | |  6.6

Action                   |  1- 3 |  4- 6 |  7- 9 | 10-12 || total
-------------------------+-------+-------+-------+-------++-------
Melee: Short sword       |    28 |       |       |       ||    28
       Constrict         |    10 |    27 |    78 |     8 ||   123
       Tentacles         |     8 |    27 |    85 |     9 ||   129
       Dagger            |    34 |   115 |   312 |    30 ||   491
       Punch             |       |     2 |     3 |     2 ||     7
Throw: Dart              |       |     5 |     1 |       ||     6
Invok: Ancestor Life: He |       |       |     1 |       ||     1
       Ancestor Identity |       |       |     1 |       ||     1
       Recall Ancestor   |       |       |       |     2 ||     2
Evoke: Wand              |     1 |     3 |     8 |       ||    12
  Use: Scroll            |     5 |     2 |     4 |     1 ||    12
       Potion            |     1 |     1 |       |     2 ||     4
 Stab: Sleeping          |    19 |    14 |    22 |     1 ||    56
       Distracted        |       |       |     1 |     1 ||     2
Armor: Skin              |     3 |     6 |     7 |     1 ||    17
Dodge: Dodged            |    18 |    84 |   202 |    35 ||   339

Table legend: (Time is in decaauts)
 A = Elapsed time spent in this place.
 B = Non-inter-level travel time spent in this place.
 C = Inter-level travel time spent in this place.
 D = Time resting spent in this place.
 E = Time spent auto-exploring this place.
 F = Levels seen in this place.
 G = Mean time per level.
                   A        B        C        D        E       F      G
               +--------+--------+--------+--------+--------+-----+--------+
         Total |   8611 |   7985 |    626 |   1435 |   4317 |  10 |  861.1 |
       Dungeon |   7965 |   7400 |    565 |   1326 |   4023 |   8 |  995.6 |
        Temple |    150 |     89 |     61 |      0 |     70 |   1 |  150.0 |
         Sewer |    495 |    495 |      0 |    109 |    224 |   1 |  495.0 |
               +--------+--------+--------+--------+--------+-----+--------+

Top non-repeatable levels by time:
     D:3: 1714 daAuts
     D:4: 1361 daAuts
     D:6: 1138 daAuts
     D:2: 1090 daAuts
     D:1: 994 daAuts
     D:5: 943 daAuts
     D:7: 709 daAuts
   Sewer: 495 daAuts
  Temple: 150 daAuts
     D:8: 12 daAuts
